Map: Frozen Temple

Players

Grey

  • Race: Terran Terran
  • League: Master

Miszu - Winner!

  • Race: Terran Terran
  • League: Master

VOD

Have the link to the VOD?

Description

Time

  • Played on: April 18, 2016, 9:53 a.m.
  • Length: 11:59
Show
View Real Time Build Order
Export as new Build Order

Grey Terran 

Build Orders: MMM Bio 

Get SALT Encoding   

  12  0:02  SCV  
  13  0:14  SCV  
  14  0:18  Supply Depot  
  14  0:26  SCV  
  15  0:40  Barracks, SCV  
  16  0:45  Refinery  
  16  0:52  SCV  
  17  1:02  Barracks  
  17  1:05  SCV  
  18  1:19  SCV  
  19  1:26  Refinery  
  19  1:30  Reaper  
  20  1:37  Orbital Command  
  20  1:51  Reaper  
  20  1:53  Supply Depot  
  21  2:04  Reaper, SCV  
  23  2:16  SCV  
  23  2:17  Factory  
  24  2:25  Reaper  
  24  2:28  SCV  
  26  2:37  Reaper  
  26  2:40  Supply Depot  
  26  2:41  SCV  
  27  2:53  SCV  
  27  2:57  Reaper  
  29  3:03  Starport  
  29  3:07  Factory Tech Lab  
  29  3:10  SCV  
  30  3:14  Marine  
  31  3:28  Command Center, SCV  
  31  3:31  Marine  
  33  3:39  Supply Depot  
  33  3:41  SCV  
  34  3:44  Marine  
  35  3:53  SCV  
  31  4:05  Cyclone, SCV  
  31  4:07  Marine x2  
  37  4:12  Bunker  
  37  4:13  Medivac  
  39  4:17  SCV  
  40  4:25  Marine  
  40  4:26  Marine  
  40  4:28  Barracks  
  37  4:49  SCV x2  
  37  4:56  Bunker  
  37  5:02  Orbital Command  
  37  5:07  Marine x2  
  37  5:13  SCV  
  40  5:17  Orbital Command  
  40  5:25  SCV  
  40  5:26  Barracks Tech Lab  
  41  5:34  Barracks Tech Lab  
  41  5:35  Barracks Reactor  
  41  5:37  SCV  
  41  5:45  SCV  
  41  5:49  SCV  
  43  5:57  Medivac  
  43  5:58  Siege Tank  
  43  5:59  Stimpack  
  43  6:02  SCV  
  45  6:13  Marine x2  
  45  6:14  Marine  
  42  6:25  Marine  
  42  6:31  Marine  
  42  6:32  Marine  
  45  6:35  Viking  
  45  6:43  Marine, SCV  
  47  6:49  Marine  
  47  6:50  Marine  
  49  6:55  SCV  
  49  6:58  Orbital Command  
  50  7:01  Marine  
  50  7:03  Siege Tank  
  50  7:06  Marine  
  50  7:07  Marine  
  50  7:08  Supply Depot, SCV  
  57  7:22  SCV  
  51  7:23  Viking, Marine  
  51  7:27  Combat Shields  
  51  7:29  Marine  
  54  7:33  Supply Depot  
  54  7:50  Siege Tank  
  52  7:53  Viking  
  52  7:54  Supply Depot  
  54  8:06  Marine x3  
  54  8:08  Marine  
  54  8:09  SCV  
  57  8:21  SCV  
  57  8:23  Siege Tank  
  57  8:24  Marine x2  
  62  8:34  Marine x2  
  62  8:38  Medivac  
  62  8:39  Barracks  
  66  8:48  SCV x2  
  68  8:52  Refinery, Marine  
  68  8:53  Marine, Refinery  
  70  8:57  Supply Depot  
  70  8:58  Marine  
  70  9:00  SCV  
  56  9:12  Marine  
  56  9:13  Marine x2  
  56  9:14  Medivac  
  61  9:22  SCV  
  61  9:23  Marine  
  61  9:26  Marine  
  61  9:30  Marine  
  63  9:35  Marine x2  
  65  9:41  Marine  
  65  9:42  SCV  
  65  9:44  SCV  
  68  9:51  Barracks Reactor  
  68  9:52  Engineering Bay  
  68  10:06  Marine x4  
  65  10:21  SCV  
  65  10:24  Marine x4  
  59  10:31  Marine  
  59  10:32  Marine  
  54  10:36  SCV  
  54  10:42  Marine x3, SCV  
  59  10:45  Marine  
  59  10:47  Siege Tank  
  59  10:49  Marine  
  62  10:53  SCV  
  63  11:03  Marine x5  
  68  11:05  Medivac  
  68  11:10  Marine  
  53  11:21  Marine x5  
  58  11:29  Marine  
  59  11:38  Marine  
Show
View Real Time Build Order
Export as new Build Order

Miszu Terran - Winner!

Build Orders: 1/1/1, Liberator Opening 

Get SALT Encoding   

  12  0:01  SCV  
  13  0:13  SCV  
  14  0:18  Supply Depot  
  14  0:25  SCV  
  14  0:27  Refinery  
  15  0:39  SCV  
  16  0:45  Barracks  
  16  0:51  SCV  
  17  1:03  SCV  
  18  1:15  SCV  
  19  1:32  Orbital Command  
  19  1:33  Factory, Marine  
  20  1:43  Refinery  
  20  1:44  Supply Depot  
  20  1:52  Reaper  
  21  1:58  SCV  
  22  2:10  SCV  
  23  2:17  Hellion  
  23  2:18  Starport  
  25  2:25  Supply Depot  
  25  2:26  SCV  
  25  2:29  Reaper  
  27  2:37  Liberator  
  27  2:38  SCV  
  27  2:44  Hellion  
  30  2:51  SCV  
  34  3:02  Reaper  
  34  3:03  SCV  
  34  3:05  Hellion  
  38  3:12  Supply Depot  
  38  3:18  SCV  
  39  3:24  Supply Depot  
  39  3:37  Barracks Reactor, Factory Tech Lab  
  38  3:42  SCV  
  36  4:05  SCV  
  37  4:12  Command Center  
  37  4:15  Starport Reactor  
  37  4:16  Siege Tank  
  40  4:17  SCV  
  40  4:18  Marine  
  42  4:25  Supply Depot  
  42  4:34  SCV  
  40  4:46  SCV  
  40  4:50  Marine x2  
  40  4:51  Siege Tank  
  44  4:54  Viking  
  44  4:58  SCV  
  47  5:00  Viking  
  49  5:24  Viking, Orbital Command  
  51  5:30  Medivac, SCV  
  54  5:42  Marine x2, SCV  
  50  5:54  SCV  
  50  5:59  Marine  
  50  6:00  Marine  
  52  6:11  SCV x2  
  53  6:17  Marine  
  57  6:18  Hellion  
  57  6:23  SCV x2  
  54  6:27  Marine  
  54  6:31  Viking  
  57  6:35  Marine, SCV x2  
  60  6:45  Marine  
  61  6:47  SCV x2  
  61  6:50  Barracks  
  61  6:51  Barracks  
  61  6:53  Marine  
  64  6:59  SCV  
  64  7:00  SCV  
  64  7:04  Marine  
  64  7:06  Siege Tank  
  68  7:11  Marine, SCV  
  68  7:12  Viking, SCV  
  71  7:26  Marine  
  71  7:29  Marine  
  73  7:31  SCV x2  
  73  7:33  Refinery x2  
  73  7:36  Supply Depot  
  75  7:43  Marine x2, SCV  
  78  7:54  Marine  
  78  8:02  Marine  
  78  8:11  Marine, Barracks Tech Lab x2  
  77  8:14  Medivac x2, Siege Tank  
  77  8:15  SCV x2  
  84  8:23  Marine  
  84  8:27  SCV x2  
  84  8:30  Stimpack  
  84  8:33  Barracks  
  84  8:34  Barracks  
  86  8:36  Supply Depot x2  
  86  8:45  Marine x4, SCV x2  
  92  8:49  Combat Shields  
  92  8:57  SCV  
  92  8:58  Siege Tank  
  92  8:59  Supply Depot  
  92  9:01  Supply Depot  
  81  9:03  Marine x3  
  81  9:07  Marine  
  67  9:21  Marine x3  
  70  9:24  Barracks Reactor x2  
  70  9:25  Marine  
  70  9:29  Medivac x2  
  75  9:33  Command Center  
  75  9:38  Marine x2  
  75  9:39  Marine  
  75  9:43  Marine  
  79  9:51  Engineering Bay  
  79  9:53  Engineering Bay, Siege Tank  
  79  9:56  Marine x3  
  82  10:06  Marine  
  80  10:07  Marine x4  
  80  10:13  Medivac  
  86  10:14  Marine x3  
  89  10:24  Marine  
  90  10:33  Marine  
  90  10:34  Marine x6  
  97  10:41  Siege Tank  
  97  10:42  Marine  
  101  10:49  Medivac  
  103  10:51  Marine x4  
  107  11:00  SCV x2  
  107  11:01  Marine x4  
  113  11:09  Marine  
  114  11:12  SCV  
  114  11:14  Marine  
  114  11:15  Siege Tank  
  114  11:17  Marine  
  120  11:20  Marine  
  120  11:26  Marine  
  120  11:29  Medivac x2  
  120  11:32  Marine  
  124  11:35  Marine  
Tags
 
Add a new tag
Caveats
  • Supply blocks, unpowered buildings, or Contaminate may cause inaccurate times.
  • Supply counts are checked every 10 seconds.